 Dungeon Crawl Stone Soup version 0.20-a0-899-g09a9bfb (webtiles) character file.

158 LordEnrai the Poker (level 5, -4/41 HPs)
             Began as a Demonspawn Gladiator on Mar 19, 2017.
             Killed from afar by a white imp (11 damage)
             ... with a puff of frost
             ... summoned by Natasha
             ... on level 3 of the Dungeon.
             The game lasted 00:06:45 (2674 turns).

LordEnrai the Poker (Demonspawn Gladiator)          Turns: 2674, Time: 00:06:45

Health: -4/41      AC:  4    Str: 15    XL:     5   Next: 16%
Magic:  5/5        EV: 13    Int: 10    God:
Gold:   94         SH:  0    Dex: 16    Spells: 4/4 levels left

rFire    . . .     SeeInvis .   a - +0 trident
rCold    . . .     Gourm    .   b - +0 leather armour
rNeg     + . .     Faith    .   (no shield)
rPois    +         Spirit   .   c - +0 helmet
rElec    .         Reflect  .   (no cloak)
rCorr    .         Harm     .   (no gloves)
MR       .....                  (no boots)
Stlth    ++........             e - amulet of rage
Regen    0.2/turn               f - ring of positive energy
MPRegen  0.1/turn               h - ring of poison resistance

@: slowed, very slow
A: talons 1, thin skeletal structure 1
a: Evoke Berserk Rage


You were on level 3 of the Dungeon.
You were not hungry.

You visited 1 branch of the dungeon, and saw 3 of its levels.

You collected 94 gold pieces.

Inventory:

Hand Weapons
 a - a +0 trident (weapon)
Missiles
 d - 2 throwing nets (quivered)
Armour
 b - a +0 leather armour (worn)
 c - a +0 helmet (worn)
Jewellery
 e - an amulet of rage (around neck)
 f - a ring of positive energy (right hand)
 h - a ring of poison resistance (left hand)
Scrolls
 i - a scroll of identify
 k - a scroll of magic mapping
 l - a scroll of recharging
 n - a scroll of remove curse
Comestibles
 g - a bread ration
 j - 2 chunks of flesh


   Skills:
 * Level 3.5 Fighting
 + Level 4.3 Polearms
 - Level 1.7 Throwing
 - Level 2.8 Dodging
 + Level 1.0 Stealth


You had 4 spell levels left.
You didn't know any spells.

Dungeon Overview and Level Annotations

Branches:
Dungeon (3/15)

Altars:
Cheibriados
Yredelemnul

Annotations:
D:3 Natasha


Innate Abilities, Weirdness & Mutations

You have sharp toenails.
You have a somewhat thin skeletal structure. (Dex +2, Stealth)


Message History

Natasha claws you.
Natasha casts a spell.
You hit Natasha.
Natasha is heavily wounded.
Natasha claws you! The white imp gestures at you. The puff of frost hits you!
* * * LOW HITPOINT WARNING * * *
Natasha claws you!
* * * LOW HITPOINT WARNING * * *
You feel better. The white imp hits you.
* * * LOW HITPOINT WARNING * * *
The white imp freezes you.
* * * LOW HITPOINT WARNING * * *
Natasha mumbles some strange words.
The white imp hits you but does no damage.
Okay, then.
The white imp gestures at you. The puff of frost hits you!
You die...

######.. .....<#######.#
+### #...........#.###
....###.............#.#
...................##.###
...................##....
..%...5............##.###
.....5h..#.#.......##.#
.......#@#.#+#......#.###
.......#.#.....#..).#....
.......#+#..<.##....#####
...............+....'.#
.#+####........#....#.#
#.............#.###
#......#....###....
.............# #####
.............# #....


You could see Natasha, a crimson imp and a white imp.

Vanquished Creatures
  Ijyb (D:2)
  Jessica (D:3)
  Robin (D:3)
  An adder (D:3)
  An ooze (D:1)
  A worm (D:2)
  3 leopard geckos
  5 orcs (D:3)
  5 bats
  15 goblins
  9 hobgoblins
  6 jackals (D:1)
  2 frilled lizards (D:1)
  7 kobolds
  7 rats
65 creatures vanquished.

Vanquished Creatures (others)
  4 toadstools (D:1)
4 creatures vanquished.

Grand Total: 69 creatures vanquished

Notes
Turn   | Place    | Note
-------+----------+-------------------------------------------
     0 | D:1      | LordEnrai the Demonspawn Gladiator began the quest for the Orb.
     0 | D:1      | Reached XP level 1. HP: 16/16 MP: 1/1
   280 | D:1      | Reached skill level 3 in Polearms
   283 | D:1      | Gained mutation: You have sharp toenails. [demonic ancestry]
   283 | D:1      | Reached XP level 2. HP: 22/22 MP: 2/2
   303 | D:1      | Found a snail-covered altar of Cheibriados.
   855 | D:1      | Reached XP level 3. HP: 19/28 MP: 3/3
  1470 | D:2      | Noticed Ijyb
  1483 | D:2      | Killed Ijyb
  1483 | D:2      | Gained mutation: You have a somewhat thin skeletal structure. (Dex +2, Stealth) [demonic ancestry]
  1483 | D:2      | Reached XP level 4. HP: 34/34 MP: 4/4
  2263 | D:3      | Noticed Jessica
  2264 | D:3      | Found a basalt altar of Yredelemnul.
  2279 | D:3      | Killed Jessica
  2279 | D:3      | Reached skill level 4 in Polearms
  2279 | D:3      | Reached skill level 1 in Stealth
  2440 | D:3      | Noticed Robin
  2481 | D:3      | Killed Robin
  2481 | D:3      | Reached XP level 5. HP: 15/41 MP: 5/5
  2484 | D:3      | HP: 2/41 [goblin/dagger[Robin] (4)]
  2662 | D:3      | Noticed Natasha
  2672 | D:3      | HP: 1/41 [Natasha (7)]
  2674 | D:3      | Killed from afar by a white imp

Vault maps used:
D:1:      ldierk_walled_garden_2, cheibriados_altar_1
D:2:      first_bread, uniq_iyjb
D:3:      yredelemnul_altar_generic, uniq_terence, uniq_robin, uniq_natasha,
          uniq_grinder, uniq_jessica

Skill      XL: |  1  2  3  4 |
---------------+-------------+-----
Polearms       | 3 4 |  4.3
Fighting       | 3 |  3.5
Stealth        | 1 |  1.0
Throwing       | |  1.7
Dodging        | |  2.8

Action                   |  1- 3 |  4- 6 || total
-------------------------+-------+-------++-------
Melee: Trident           |   126 |    86 ||   212
       Kick              |    18 |    22 ||    40
Throw: Throwing net      |     1 |     1 ||     2
  Use: Scroll            |     4 |     3 ||     7
       Potion            |     2 |     5 ||     7
 Stab: Held in net/web   |     1 |     1 ||     2
       Sleeping          |     1 |     2 ||     3
  Eat: Bread ration      |     1 |       ||     1
       Chunk             |       |     1 ||     1
Armor: Leather armour    |    51 |    20 ||    71
Dodge: Dodged            |    99 |    64 ||   163
